Map: [ESL] Ancient Cistern

Players

goblin

  • Race: Protoss Protoss
  • Spawn Location: 7:00

NightPhoenix - Winner!

  • Race: Protoss Protoss
  • Spawn Location: 1:00

Event: ESL SC2 Masters 2023 Summer (Regionals)

VOD

Have the link to the VOD?

Description

Time

  • Played on: May 13, 2023, 12:02 p.m.
  • Length: 6:06

All games in this series

Show
View Real Time Build Order
Export as new Build Order

goblin Protoss 

Build Orders: Blink Stalkers 

Get SALT Encoding   

  12  0:00  Probe  
  13  0:12  Probe  
  14  0:18  Pylon  
  14  0:24  Probe (Chrono Boost)  
  15  0:36  Probe (Chrono Boost)  
  15  0:37  Gateway  
  16  0:45  Probe (Chrono Boost)  
  16  0:46  Assimilator  
  17  0:51  Probe  
  17  0:54  Assimilator  
  18  1:03  Probe (Chrono Boost)  
  19  1:07  Gateway  
  19  1:13  Probe (Chrono Boost)  
  19  1:18  Probe (Chrono Boost)  
  21  1:25  Cybernetics Core  
  21  1:29  Probe  
  22  1:36  Pylon  
  22  1:41  Probe  
  23  1:54  Probe  
  24  2:02  Warp Gate (Chrono Boost)  
  24  2:03  Stalker x2  
  28  2:11  Pylon  
  28  2:20  Twilight Council  
  28  2:26  Probe  
  29  2:34  Stalker  
  31  2:39  Stalker  
  33  2:55  Blink (Chrono Boost)  
  33  3:14  Nexus  
  33  3:22  Probe  
  34  3:32  Pylon  
  34  3:36  Probe  
  35  3:43  Stalker x2  
  39  3:54  Probe  
  38  3:56  Pylon  
  38  4:06  Probe  
  39  4:14  Stalker x2  
  43  4:19  Gateway  
  43  4:23  Probe  
  44  4:26  Probe  
  45  4:35  Probe  
  46  4:41  Stalker  
  46  4:43  Stalker  
  50  4:47  Probe  
  51  4:57  Shield Battery  
  51  4:59  Shield Battery  
  51  5:06  Pylon  
  51  5:08  Stalker  
  50  5:25  Probe  
  44  5:28  Pylon  
  44  5:41  Dark Shrine  
  44  5:42  Stalker  
  42  5:52  Stalker  
Show
View Real Time Build Order
Export as new Build Order

NightPhoenix Protoss - Winner!

Build Orders: Blink Stalkers 

Get SALT Encoding   

  12  0:00  Probe  
  13  0:12  Probe  
  14  0:16  Pylon  
  14  0:24  Probe (Chrono Boost)  
  15  0:36  Probe (Chrono Boost), Gateway  
  16  0:45  Probe (Chrono Boost), Assimilator  
  17  0:51  Probe  
  17  0:54  Assimilator  
  18  1:03  Probe (Chrono Boost)  
  19  1:08  Gateway  
  19  1:12  Probe (Chrono Boost)  
  19  1:17  Probe (Chrono Boost)  
  20  1:24  Cybernetics Core  
  21  1:29  Probe  
  22  1:36  Pylon  
  22  1:41  Probe  
  23  1:54  Probe  
  24  2:01  Warp Gate, Stalker x2  
  28  2:06  Probe  
  29  2:12  Pylon  
  29  2:19  Pylon  
  29  2:31  Stalker  
  29  2:33  Stalker  
  33  2:40  Twilight Council  
  33  3:02  Nexus  
  33  3:10  Probe  
  34  3:15  Blink (Chrono Boost)  
  34  3:16  Pylon  
  34  3:29  Probe  
  35  3:36  Gateway  
  33  3:53  Stalker  
  33  3:54  Stalker  
  35  4:01  Probe, Gateway  
  36  4:15  Probe x2  
  38  4:17  Stalker  
  38  4:19  Stalker  
  42  4:27  Probe  
  42  4:28  Probe  
  44  4:32  Stalker  
  46  4:39  Probe  
  46  4:40  Probe  
  46  4:41  Stalker  
  50  4:46  Stalker  
  50  4:52  Probe  
  53  4:56  Stalker  
  53  4:59  Stalker  
  53  5:10  Stalker x2  
  51  5:24  Probe x2  
  47  5:34  Stalker x3  
  53  5:41  Stalker  
  55  5:43  Probe  
  54  5:53  Probe  
  50  6:01  Stalker  
Tags
 
Add a new tag
Caveats
  • Supply blocks, unpowered buildings, or Contaminate may cause inaccurate times.
  • Supply counts are checked every 10 seconds.